 Dungeon Crawl Stone Soup version 0.28.0-49-g6dfe1f597d (webtiles) character file.

Game seed: 17958918223483370908

79 Zeld the Conjurer (level 4, -3/36 HPs)
             Began as a Draconian Conjurer on May 17, 2022.
             Slain by Grinder (8 damage)
             ... while paralysed by Grinder
             ... on level 3 of the Dungeon.
             The game lasted 00:02:46 (2922 turns).

Zeld the Conjurer (Draconian Conjurer)              Turns: 2922, Time: 00:02:46

Health: -3/36      AC:  5    Str:  9    XL:     4   Next: 17%
Magic:  8/8        EV:  2    Int: 21    God:
Gold:   78         SH:  0    Dex:  9    Spells: 5/8 levels left

rFire   . . .      SeeInvis .   e - +2 short sword (speed)
rCold   . . .      Faith    .   b - orb {*channel}
rNeg    . . .      Spirit   .   (armour unavailable)
rPois   .          Reflect  .   (helmet restricted)
rElec   .          Harm     .   (no cloak)
rCorr   .          Rampage  .   (no gloves)
Will    .....                   (no boots)
Stlth   ++........              (no amulet)
HPRegen 0.12/turn               (no ring)
MPRegen 0.11/turn               (no ring)

@: paralysed
A: AC +5, unfitting armour, cold-blooded
a: no special abilities


You were on level 3 of the Dungeon.
You visited 1 branch of the dungeon, and saw 3 of its levels.

You collected 78 gold pieces.

Inventory:

Hand Weapons
 e - a +2 short sword of speed (weapon)
Armour
 b - an orb of energy (worn)
Scrolls
 a - 3 scrolls of teleportation {unknown}
Potions
 c - a potion of magic {unknown}
 d - a potion of curing {unknown}
 f - a potion of mutation {unknown}


   Skills:
 * Level 2.1 Fighting
 + Level 2.1 Dodging
 + Level 2.1 Stealth
 * Level 2.6 Spellcasting
 * Level 4.4 Conjurations


You had 5 spell levels left.
You knew the following spells:

 Your Spells              Type           Power      Damage    Failure   Level
a - Magic Dart            Conj           84%        1d7       2%          1
b - Searing Ray           Conj           42%        2d6       3%          2

Your spell library contained the following spells:

 Spells                   Type           Power      Damage    Failure   Level
 Dazzling Flash           Conj/Hex       24%        N/A       17%         3
 Fulminant Prism          Conj/Hex       6%         3d7       50%         4
 Iskenderun's Mystic Bla  Conj/Tloc      12%        2d5       50%         4


Dungeon Overview and Level Annotations

Branches:
Dungeon (3/15)

Altars:

Annotations:
D:3 Grinder


Innate Abilities, Weirdness & Mutations

Your plain brown scales are hard. (AC +5)
You cannot fit into any form of body armour.
You are cold-blooded and may be slowed by cold attacks.


Message History

You closely miss the ball python. The ball python bites you.
The ball python constricts you.
Grinder breaks down the door.
You hit the ball python.
You kill the ball python!
Grinder hits you!
You writhe in agony.
You hit Grinder. You tail-slap Grinder.
Grinder is lightly wounded.
Grinder blinks!
Grinder is nearby!
You hit Grinder.
Grinder is lightly wounded.
Grinder hits you.
You writhe in agony.
Grinder is nearby!
You see here a ball python corpse.
There is a stone staircase leading up here.
You hit Grinder.
Grinder is lightly wounded.
Unknown command.
You hit Grinder.
Grinder is moderately wounded.
Grinder barely misses you.
Unknown command.
You hit Grinder but do no damage.
Grinder is moderately wounded.
Grinder hits you.
Unknown command.
You hit Grinder but do no damage.
Grinder is moderately wounded.
Grinder gestures at you.
You suddenly lose the ability to move!
Grinder hits you.
* * * LOW HITPOINT WARNING * * *
Grinder gestures at you.
You shrug off the repeated paralysis!
Grinder hits you.
* * * LOW HITPOINT WARNING * * *
You writhe in agony.
* * * LOW HITPOINT WARNING * * *
Grinder hits you!
You die...

#.......#
##.......
.........
#.....#
###.....##
.........#
######'.†#
......#)5####
####+.#..@..#
# #..##.#
#..# .. #..#
## #.## #.#
#. +.


You could see Grinder.

Vanquished Creatures
  3 adders (D:2)
  3 worms (D:2)
  2 dart slugs (D:1)
  2 ball pythons
  5 endoplasms
  2 giant cockroaches
  6 goblins
  3 hobgoblins (D:1)
  2 quokkas (D:1)
  3 bats (D:1)
  A frilled lizard (D:2)
  2 kobolds (D:1)
  6 rats
40 creatures vanquished.

Notes
Turn   | Place    | Note
-------+----------+-------------------------------------------
     0 | D:1      | Zeld the Draconian Conjurer began the quest for the Orb.
     0 | D:1      | Reached XP level 1. HP: 14/14 MP: 3/3
   425 | D:1      | Reached XP level 2. HP: 16/22 MP: 0/5
   549 | D:1      | Reached skill level 1 in Fighting
   706 | D:1      | Learned a level 2 spell: Searing Ray
  1502 | D:1      | Reached XP level 3. HP: 28/28 MP: 1/6
  2727 | D:2      | Reached XP level 4. HP: 33/36 MP: 7/7
  2902 | D:3      | Noticed Grinder
  2918 | D:3      | Paralysed by Grinder for 5 turns
  2922 | D:3      | Slain by Grinder

Illustrated notes

Levels and vault maps discovered:
D:1:      elethiomel_arrival_infinity_welcomes_careful_drivers,
          layout_loops_corners, patterned_corridor
D:2:      layout_basic
D:3:      layout_rooms, mainiacjoe_overflow_tiny_flanked,
          basic_ecumenical_altar, minivault_11, uniq_grinder

Skill      XL: |  1  2  3 |
---------------+----------+-----
Fighting       | 1 2 |  2.1
Stealth        | 2 |  2.1
Dodging        | 2 |  2.1
Spellcasting   | |  2.6
Conjurations   | |  4.4

Action                   |  1- 3 |  4- 6 || total
-------------------------+-------+-------++-------
Melee: Unarmed           |     8 |       ||     8
       Tailslap          |     3 |     1 ||     4
       Short sword       |    39 |    20 ||    59
 Cast: Magic Dart        |    57 |       ||    57
       Searing Ray       |     3 |       ||     3
 Stab: Sleeping          |     1 |       ||     1
Armor: Skin              |    14 |     1 ||    15
Dodge: Dodged            |    21 |     7 ||    28
